 Dungeon Crawl Stone Soup version 0.29-a0-334-gb41bcbb86e (webtiles) character file.

Game seed: 8719078057369664457

476 siradein the Shooter (level 6, -16/53 HPs)
             Began as a Draconian Hunter on Apr 15, 2022.
             Demolished by an ogre
             ... wielding a +0 giant club
              (29 damage)
             ... on level 4 of the Dungeon.
             The game lasted 00:07:00 (3279 turns).

siradein the Shooter (Draconian Hunter)             Turns: 3279, Time: 00:07:00

Health: -16/53     AC:  9    Str: 14    XL:     6   Next: 85%
Magic:  6/6        EV: 13    Int:  9    God:
Gold:   145        SH:  0    Dex: 16    Spells: 5/5 levels left

rFire   + . .      SeeInvis .   a - +1 shortbow
rCold   . . .      Faith    .   (shield currently unavailable)
rNeg    . . .      Spirit   .   (body armour unavailable)
rPois   .          Reflect  .   (helmet restricted)
rElec   .          Harm     .   i - +2 cloak
rCorr   .          Rampage  .   (no gloves)
Will    .....                   (no boots)
Stlth   ++........              (no amulet)
HPRegen 0.17/turn               u - ring of protection from fire
MPRegen 0.10/turn               (no ring)

@: no status effects
A: AC +6, unfitting armour, cold-blooded
a: no special abilities


You were on level 4 of the Dungeon.
You visited 1 branch of the dungeon, and saw 4 of its levels.

You collected 145 gold pieces.

Inventory:

Hand Weapons
 a - a +1 shortbow (weapon)
 t - a +1 rapier of protection
Armour
 i - a +2 cloak (worn)
Jewellery
 u - a ring of protection from fire (left hand)
Wands
 l - a wand of iceblast (15)
 x - a wand of charming (11)
Scrolls
 b - 2 scrolls of immolation
 d - a scroll of blinking {unknown}
 e - a scroll of holy word {unknown}
 h - 2 scrolls of vulnerability {unknown}
 k - a scroll of noise {unknown}
 m - a scroll of enchant armour {unknown}
 p - 3 scrolls of enchant weapon {unknown}
 v - 2 scrolls of identify {unknown}
 y - a scroll of teleportation {unknown}
 B - a scroll of fog {unknown}
Potions
 c - 2 potions of flight {unknown}
 f - 2 potions of heal wounds {unknown}
 g - a potion of berserk rage {unknown}
 j - 3 potions of ambrosia {unknown}
 n - 2 potions of resistance {unknown}
 o - a potion of magic {unknown}
 q - a potion of invisibility {unknown}
 r - 2 potions of degeneration {unknown}
 s - 2 potions of curing {unknown}
 w - a potion of brilliance {unknown}
 z - a potion of might {unknown}
 A - 2 potions of cancellation {unknown}


   Skills:
 + Level 4.5 Fighting
 + Level 5.0 Bows
 + Level 3.7 Dodging
 - Level 0.8 Stealth
 + Level 2.8 Evocations


You had 5 spell levels left.
You didn't know any spells.
Your spell library contained the following spells:

 Spells                   Type           Power      Damage    Failure   Level
 Freeze                   Ice            0%         1d3       38%         1
 Sandblast                Erth           0%         2d4       38%         1
 Passwall                 Tmut/Erth      0%         N/A       52%         2
 Frozen Ramparts          Ice            0%         1d2       77%         3
 Stone Arrow              Conj/Erth      0%         3d7       77%         3
 Hailstorm                Conj/Ice       0%         3d3       99%         4


Dungeon Overview and Level Annotations

Branches:
Dungeon (4/15)
 Temple: D:4-7

Altars:


Innate Abilities, Weirdness & Mutations

Your plain brown scales are hard. (AC +6)
You cannot fit into any form of body armour.
You are cold-blooded and may be slowed by cold attacks.


Message History

* * * LOW HITPOINT WARNING * * *
The phantom blinks!
You blink.
Shoot: a) +1 shortbow
Press: ? - help, Q - select action, (/) - cycle Shift-Dir - straight line, f/p - phantom
Aim: a phantom (severely damaged, 56% to hit)
You shoot an arrow. The arrow misses the phantom.
The phantom misses you.
Unknown command.
Shoot: a) +1 shortbow
Press: ? - help, Q - select action, (/) - cycle Shift-Dir - straight line, f/p - phantom
Aim: a phantom (severely damaged, 56% to hit)
You shoot an arrow. The arrow hits the phantom!
The phantom is almost destroyed.
The ogre shouts!
The phantom hits you but does no damage. x2
Shoot: a) +1 shortbow
Press: ? - help, Q - select action, (/) - cycle Shift-Dir - straight line, f/p - phantom
Aim: a phantom (almost destroyed, 56% to hit)
You shoot an arrow. The arrow hits the phantom.
The phantom is almost destroyed.
The phantom hits you.
* * * LOW HITPOINT WARNING * * *
Shoot: a) +1 shortbow
Press: ? - help, Q - select action, (/) - cycle Shift-Dir - straight line, f/p - phantom
Aim: a phantom (almost destroyed, 56% to hit)
You shoot an arrow. The arrow hits the phantom.
You destroy the phantom!
Unknown command.
Shoot: a) +1 shortbow
Press: ? - help, Q - select action, (/) - cycle Shift-Dir - straight line, f - iguana
Aim: an iguana (almost dead, 69% to hit)
You shoot an arrow. The arrow hits the iguana.
You kill the iguana!
Your Bows skill increases to level 5!
You see here an iguana corpse.
You see here a ball python corpse.
The ogre attacks as you move away!
The ogre hits you with a +0 giant club!!
Ouch! That really hurt!
You die...

..... ......... ##.
#.#.. ........> #..#
#... ......... . #..#
+###..# #........ . #...
###..# #........ ##..#
#+# #..#####........
...# #.#
#...............
#.###.###.####.#.#####..
#......@O..# #.#.#
#..####.##.# #.#†#
######## #.## #....#
#.#.# .......###.#
####..##.#.#######
...........#
#.##.#........
...........#
..#.#.#######
...........# ..#.#.#
...........# #.. ..#
............# ##?#


You could see an ogre.

Vanquished Creatures
  An ogre (D:4)
  A phantom (D:4)
  A necrophage (D:4)
  An orc priest (D:4)
  Terence (D:2)
  An iguana (D:4)
  An orc wizard (D:3)
  Robin (D:3)
  3 adders
  2 worms
  2 dart slugs
  4 orcs
  11 ball pythons
  4 endoplasms
  4 giant cockroaches
  12 goblins
  9 hobgoblins
  3 jackals (D:1)
  6 kobolds
  A quokka (D:2)
  6 bats
  3 frilled lizards
  A rat (D:3)
79 creatures vanquished.

Vanquished Creatures (others)
  An orc wizard (D:4)
1 creature vanquished.

Grand Total: 80 creatures vanquished

Notes
Turn   | Place    | Note
-------+----------+-------------------------------------------
     0 | D:1      | siradein the Draconian Hunter began the quest for the Orb.
     0 | D:1      | Reached XP level 1. HP: 17/17 MP: 1/1
    28 | D:1      | Found a faded altar of an unknown god.
   257 | D:1      | Reached XP level 2. HP: 25/25 MP: 2/2
   868 | D:2      | Reached XP level 3. HP: 30/30 MP: 3/3
   905 | D:2      | Reached skill level 4 in Bows
  1341 | D:2      | Noticed Terence
  1357 | D:2      | Killed Terence
  1358 | D:2      | Reached XP level 4. HP: 13/38 MP: 4/4
  1684 | D:3      | Noticed Robin
  1686 | D:3      | Reached skill level 1 in Evocations
  1703 | D:3      | Killed Robin
  2306 | D:4      | Noticed an ogre
  2408 | D:4      | Noticed a necrophage
  2426 | D:4      | Killed a necrophage
  2427 | D:4      | Reached XP level 5. HP: 42/46 MP: 5/5
  2456 | D:4      | Noticed an ogre
  2467 | D:4      | Killed an ogre
  2468 | D:4      | Reached XP level 6. HP: 50/52 MP: 6/6
  3254 | D:4      | Reached skill level 5 in Bows
  3279 | D:4      | Demolished by an ogre

Illustrated notes

Levels and vault maps discovered:
D:1:      minmay_arrival_shattered_statue, layout_basic,
          shapermc_ecumenical_altar_ellora, chequers_hall_statues_corner_a
D:2:      layout_loops_ring, uniq_terence
D:3:      layout_rooms, minmay_increasing_density, uniq_robin
D:4:      layout_basic, lemuel_doored_altar

Skill      XL: |  1  2  3  4  5  6 |
---------------+-------------------+-----
Dodging        | 2 3 |  3.7
Bows           | 4 5 |  5.0
Fighting       | 3 4 |  4.5
Evocations     | 1 2 |  2.8
Stealth        | |  0.8

Action                   |  1- 3 |  4- 6 || total
-------------------------+-------+-------++-------
Melee: Rapier            |       |    11 ||    11
       Punch             |       |     1 ||     1
       Tailslap          |       |     1 ||     1
 Fire: Shortbow          |    98 |   186 ||   284
Armor: Skin              |    16 |    62 ||    78
Dodge: Dodged            |    20 |    86 ||   106

Table legend: (Time is in decaauts)
 A = Elapsed time spent in this place.
 B = Non-inter-level travel time spent in this place.
 C = Inter-level travel time spent in this place.
 D = Time resting spent in this place.
 E = Time spent auto-exploring this place.
 F = Levels seen in this place.
 G = Mean time per level.
                   A        B        C        D        E       F      G
               +--------+--------+--------+--------+--------+-----+--------+
         Total |   3362 |   3299 |     63 |    495 |   2072 |   4 |  840.5 |
       Dungeon |   3362 |   3299 |     63 |    495 |   2072 |   4 |  840.5 |
               +--------+--------+--------+--------+--------+-----+--------+

Top non-repeatable levels by time:
     D:3: 1253 daAuts
     D:2: 881 daAuts
     D:1: 735 daAuts
     D:4: 491 daAuts
